 Dungeon Sprint DCSS version 0.14-a0-519-g334afa2 (webtiles) character file.

6500000 MDvedh the Ninja (level 21, -11/135 HPs)
             Began as a Spriggan Assassin on Nov 2, 2013.
             Was the Champion of Makhleb.
             Mangled by a meat berserker
             ... wielding a +9,+9 battleaxe
              (36 damage)
             ... in the Dungeon (Sprint VIII: "Arena of Blood").
             The game lasted 00:03:27 (65 turns).

MDvedh the Ninja (Spriggan Assassin)                  Turns: 65, Time: 00:03:27

HP -11/135       AC  6     Str  7      XL: 21   Next: 89%
MP  11/48        EV 46     Int 13      God: Makhleb [******]
Gold 0           SH  0     Dex 27      Spells:  0 memorised, 74 levels left

Res.Fire  : . . .   See Invis. : +   n - +∞ Axe of Woe
Res.Cold  : . . .   Warding    : .   c - +0 robe
Life Prot.: . . .   Conserve   : .   (shield restricted)
Res.Poison: .       Res.Corr.  : .   (helmet restricted)
Res.Elec. : .       Clarity    : .   d - +0 cloak
Sust.Abil.: . .     Spirit.Shd : .   (gloves unavailable)
Res.Mut.  : .       Prev.Telep.: +   (boots unavailable)
Res.Rott. : .       Flight     : .   (no amulet)
Saprovore : . . .                    (no ring)
                                     (no ring)

@: very quick, extremely resistant to hostile enchantments, uncannily stealthy
A: unfitting armour, see invisible, herbivore 3, speed 3, slow metabolism 2
a: Minor Destruction, Lesser Servant of Makhleb, Major Destruction, Greater
Servant of Makhleb, Renounce Religion


You were in the Dungeon.
You worshipped Makhleb.
Makhleb was exalted by your worship.
You were not hungry.

You visited 1 branch

Inventory:

Hand weapons
 a - a +2,+2 dagger
 b - a +0 blowgun
 n - the +∞,+∞ Axe of Woe (weapon)
   (You found it in the Dungeon)
Missiles
 e - 8 poisoned needles
 f - 2 curare-tipped needles
Armour
 c - a +0 robe (worn)
 d - a +0 cloak (worn)
Scrolls
 m - a scroll of blinking
Potions
 g - a potion of porridge
 h - a potion of curing
 i - a potion of heal wounds
 j - a potion of speed
 k - 2 potions of magic
 l - a potion of berserk rage


   Skills:
 + Level 26.6 Fighting
 O Level 27 Short Blades
 O Level 27 Axes
 O Level 27 Throwing
 + Level 24.8 Armour
 O Level 27 Dodging
 O Level 27 Stealth
 + Level 26.5 Unarmed Combat
 O Level 27 Spellcasting


You had 74 spell levels left.
You didn't know any spells.

Dungeon Overview and Level Annotations

Branches:
Dungeon (1/1)

Altars:
Makhleb

Annotations:
D The Servant


Innate Abilities, Weirdness & Mutations

You are tiny and cannot use many weapons and most armour.
You have supernaturally acute eyesight.
You are a herbivore.
You cover ground extremely quickly.
You need consume almost no food.


Message History

The bag of meat is engulfed in roaring flames.
The accursed is engulfed in roaring flames.
You hear a shout!
The meat berserker rages.
The bag of meat is engulfed in roaring flames.
The tyrant casts a spell.
The dread throws hellfire at you.
The hellfire explodes!
The burst of hellfire engulfs you!
You hear a shout! 2 orcs come into view.
Unknown command.
A destroyer comes into view.
It is wielding a +9,+9 great sword of slicing.
You hear a shout!
The meat berserker hits you with a +9,+9 battleaxe!
* * * LOW HITPOINT WARNING * * *
You hear a shout!
The dread appears out of thin air!
A dread comes into view.
You hear a shout!
The meat berserker hits you with a +9,+9 battleaxe!
You die...

....#.......#...))#...
.......#O.....))_).....
..............)M###.....
....O....@o###xD))...###
.....%...o§§§#oC).)..#
...W......o§§§#§).....#
z...#.%..%Wo§M)%L.......
#.#O#.X..oo§.X.......
..#.#@.oo....X........ .
#.#.#O.............##
..#.#.....#.......M#.
..... ........o.... ##.
.....##2#.... ##
............ ..####o...


V You could see an accursed, a meat beast (wandering), The Servant, a destroyer
(wandering), 2 large abominations, a dread (wandering), 4 meat berserkers and 9
bags of meat.

Vanquished Creatures
  3 hill giants (D)
  A hydra (D)
  A lich (D)
  9 ogres (D)
  28 orcs (D)
  2 skeletal warriors (D)
  5 vampire knights (D)
  A tentacled monstrosity (D)
  2 small abominations (D)
  A large abomination (D)
53 creatures vanquished.

Vanquished Creatures (others)
  2 large abominations (D)
  A crawling corpse (D)
3 creatures vanquished.

Grand Total: 56 creatures vanquished

Notes
Turn   | Place    | Note
--------------------------------------------------------------
     0 | D        | MDvedh, the Spriggan Assassin, began the quest for the Orb.
     0 | D        | Reached XP level 1. HP: 10/10 MP: 1/1
     3 | D        | Noticed a bag of meat
     5 | D        | Noticed a bag of meat
     5 | D        | Noticed a bag of meat
     5 | D        | Noticed a bag of meat
     5 | D        | Noticed a bag of meat
     6 | D        | Noticed a bag of meat
     7 | D        | Noticed a bag of meat
     9 | D        | Noticed a bag of meat
     9 | D        | Noticed a bag of meat
     9 | D        | Killed a bag of meat
     9 | D        | Reached skill level 7 in Fighting
     9 | D        | Reached skill level 10 in Short Blades
     9 | D        | Reached skill level 10 in Axes
     9 | D        | Reached skill level 10 in Throwing
     9 | D        | Reached skill level 12 in Dodging
     9 | D        | Reached skill level 14 in Stealth
     9 | D        | Reached skill level 10 in Spellcasting
     9 | D        | Reached XP level 2. HP: 15/15 MP: 0/8
     9 | D        | Reached XP level 3. HP: 19/19 MP: 0/13
     9 | D        | Reached XP level 4. HP: 24/24 MP: 0/17
     9 | D        | Reached XP level 5. HP: 28/28 MP: 0/20
     9 | D        | Reached XP level 6. HP: 33/33 MP: 0/23
     9 | D        | Reached XP level 7. HP: 37/37 MP: 0/25
     9 | D        | Reached XP level 8. HP: 42/42 MP: 0/27
     9 | D        | Reached XP level 9. HP: 46/46 MP: 0/28
     9 | D        | Reached XP level 10. HP: 51/51 MP: 0/30
     9 | D        | Reached XP level 11. HP: 56/56 MP: 0/31
     9 | D        | Killed a bag of meat
     9 | D        | Reached skill level 16 in Stealth
     9 | D        | Reached XP level 12. HP: 60/62 MP: 0/33
    10 | D        | Noticed a bag of meat
    10 | D        | Noticed a bag of meat
    11 | D        | Noticed a bag of meat
    11 | D        | Killed a bag of meat
    11 | D        | Reached skill level 10 in Fighting
    11 | D        | Reached skill level 15 in Dodging
    11 | D        | Reached skill level 17 in Stealth
    11 | D        | Reached XP level 13. HP: 63/67 MP: 0/35
    12 | D        | Noticed a bag of meat
    12 | D        | Noticed a bag of meat
    12 | D        | Killed a bag of meat
    12 | D        | Reached skill level 18 in Stealth
    12 | D        | Reached skill level 10 in Unarmed Combat
    12 | D        | Killed a bag of meat
    12 | D        | Reached skill level 15 in Axes
    12 | D        | Reached skill level 10 in Armour
    12 | D        | Reached skill level 19 in Stealth
    12 | D        | Reached skill level 15 in Spellcasting
    12 | D        | Reached XP level 14. HP: 67/74 MP: 0/37
    13 | D        | Noticed a bag of meat
    14 | D        | Noticed a bag of meat
    16 | D        | Noticed a bag of meat
    16 | D        | Noticed a bag of meat
    17 | D        | Killed a bag of meat
    17 | D        | Reached skill level 20 in Stealth
    18 | D        | Noticed a meat berserker
    18 | D        | Noticed a meat berserker
    19 | D        | Became a worshipper of Makhleb the Destroyer
    20 | D        | Killed a meat berserker
    20 | D        | Reached skill level 15 in Short Blades
    20 | D        | Reached skill level 15 in Throwing
    20 | D        | Reached XP level 15. HP: 71/79 MP: 2/38
    21 | D        | Killed a bag of meat
    21 | D        | Acquired Makhleb's first power
    21 | D        | Reached skill level 21 in Stealth
    21 | D        | Killed a bag of meat
    21 | D        | Reached skill level 22 in Stealth
    22 | D        | Killed a bag of meat
    23 | D        | Noticed a large bag of meat
    23 | D        | Noticed a destroyer
    23 | D        | Killed a bag of meat
    23 | D        | Acquired Makhleb's second power
    23 | D        | Reached skill level 23 in Stealth
    23 | D        | Reached XP level 16. HP: 87/87 MP: 2/40
    23 | D        | Killed a bag of meat
    24 | D        | Noticed a bag of meat
    24 | D        | Noticed a meat berserker
    24 | D        | Killed a bag of meat
    24 | D        | Reached skill level 24 in Stealth
    25 | D        | Killed a bag of meat
    25 | D        | Acquired Makhleb's third power
    26 | D        | Noticed a bag of meat
    26 | D        | Noticed a meat berserker
    26 | D        | Killed a meat berserker
    26 | D        | Reached skill level 15 in Fighting
    26 | D        | Reached skill level 25 in Stealth
    26 | D        | Reached skill level 15 in Unarmed Combat
    26 | D        | Reached XP level 17. HP: 92/94 MP: 3/42
    26 | D        | Killed a bag of meat
    27 | D        | Noticed a meat berserker
    27 | D        | Killed a large bag of meat
    27 | D        | Acquired Makhleb's fourth power
    27 | D        | Reached skill level 26 in Stealth
    28 | D        | Noticed a meat berserker
    28 | D        | Killed a destroyer
    29 | D        | Noticed a bag of meat
    29 | D        | Killed a bag of meat
    29 | D        | Reached skill level 15 in Armour
    29 | D        | Reached skill level 27 in Stealth
    29 | D        | Killed a meat berserker
    29 | D        | Reached XP level 18. HP: 100/102 MP: 4/44
    30 | D        | Noticed a bag of meat
    31 | D        | Killed a bag of meat
    31 | D        | Acquired Makhleb's fifth power
    31 | D        | Killed a meat berserker
    32 | D        | Killed a meat berserker
    33 | D        | Noticed a bag of meat
    33 | D        | Noticed a bag of meat
    33 | D        | Killed a bag of meat
    33 | D        | Reached skill level 27 in Dodging
    34 | D        | Noticed a meat berserker
    36 | D        | Noticed a meat berserker
    36 | D        | Noticed a bag of meat
    37 | D        | Noticed an eight-headed meat hydra
    38 | D        | Noticed a sculptor of flesh
    38 | D        | Noticed a destroyer
    38 | D        | Noticed a bag of meat
    38 | D        | Noticed a sculptor of flesh
    38 | D        | Killed a meat berserker
    38 | D        | Killed a bag of meat
    38 | D        | Reached XP level 19. HP: 107/109 MP: 5/45
    39 | D        | Noticed a bag of meat
    39 | D        | Noticed a destroyer
    39 | D        | Noticed a large bag of meat
    39 | D        | Killed a bag of meat
    40 | D        | Noticed a bag of meat
    40 | D        | Noticed a bag of meat
    40 | D        | Noticed a bag of meat
    40 | D        | Killed a meat berserker
    40 | D        | Killed a bag of meat
    41 | D        | Noticed a bag of meat
    43 | D        | Killed a meat berserker
    44 | D        | Noticed a destroyer
    44 | D        | Noticed a bag of meat
    44 | D        | Noticed a bag of meat
    45 | D        | Noticed a bag of meat
    45 | D        | Killed a destroyer
    45 | D        | Killed a sculptor of flesh
    45 | D        | Reached XP level 20. HP: 119/119 MP: 7/47
    45 | D        | Killed a bag of meat
    46 | D        | Noticed a bag of meat
    46 | D        | Noticed a meat berserker
    46 | D        | Killed a destroyer
    46 | D        | Reached skill level 27 in Axes
    46 | D        | Reached skill level 27 in Spellcasting
    47 | D        | Noticed a tyrant
    47 | D        | Noticed a large bag of meat
    47 | D        | Noticed a bag of meat
    47 | D        | Noticed a destroyer
    48 | D        | Killed a destroyer
    48 | D        | Killed a meat berserker
    49 | D        | Killed a bag of meat
    50 | D        | Noticed an accursed
    51 | D        | Killed a bag of meat
    51 | D        | Reached skill level 27 in Short Blades
    51 | D        | Reached skill level 27 in Throwing
    51 | D        | Killed a destroyer
    52 | D        | Killed a large bag of meat
    52 | D        | Reached XP level 21. HP: 128/130 MP: 8/48
    52 | D        | Killed a sculptor of flesh
    53 | D        | Killed a bag of meat
    54 | D        | Killed a large bag of meat
    55 | D        | Killed a bag of meat
    56 | D        | Noticed a bag of meat
    56 | D        | Noticed a tyrant
    56 | D        | Killed a bag of meat
    56 | D        | Killed a bag of meat
    57 | D        | Killed a bag of meat
    57 | D        | Killed a tyrant
    59 | D        | Noticed an accursed
    59 | D        | Noticed The Servant
    59 | D        | Noticed an accursed
    60 | D        | Noticed a bag of meat
    61 | D        | Noticed a meat berserker
    61 | D        | Noticed a meat berserker
    62 | D        | Noticed a meat berserker
    62 | D        | Noticed a meat berserker
    62 | D        | Noticed a sculptor of flesh
    62 | D        | Noticed a dread
    64 | D        | Killed a nine-headed meat hydra
    65 | D        | Noticed a bag of meat
    65 | D        | Noticed a bag of meat
    65 | D        | Noticed a destroyer
    65 | D        | Mangled by a meat berserker

Action                   |  1- 3 |  4- 6 |  7- 9 | 10-12 | 13-15 | 16-18 | 19-21 || total
-------------------------+-------+-------+-------+-------+-------+-------+-------++-------
Melee: Broad axe         |     1 |       |       |     1 |     6 |    10 |    15 ||    33
